 Dungeon Crawl Stone Soup version 0.25.1-2-g60ff931df9 (webtiles) character file.

Game seed: 5380468418670473517

1181 Colgate the Conjurer (level 7, -1/50 HPs)
             Began as a Demigod Conjurer on Sept 7, 2020.
             Succumbed to a kobold's poison
             ... in a sewer.
             The game lasted 00:34:29 (5735 turns).

Colgate the Conjurer (Demigod Conjurer)             Turns: 5735, Time: 00:34:30

Health: -1/50      AC:  7    Str: 11    XL:     7   Next: 99%
Magic:  14/14      EV: 11    Int: 23    God:
Gold:   199        SH:  0    Dex: 16    Spells: 9/11 levels left

rFire    + . .     SeeInvis .   b - +3 quarterstaff (chaos)
rCold    x . .     Gourm    .   (shield currently unavailable)
rNeg     . . .     Faith    .   l - +0 ring mail
rPois    .         Spirit   .   (no helmet)
rElec    .         Reflect  .   u - +1 cloak
rCorr    .         Harm     .   (no gloves)
MR       .....                  (no boots)
Stlth    +++.......             (no amulet)
HPRegen  0.16/turn              q - ring of stealth
MPRegen  0.14/turn              I - ring of fire

@: lethally poisoned (-1 -> -41)
A: high mp 1
a: no special abilities


You were in a sewer.
You were not hungry.

You visited 1 branch of the dungeon, and saw 5 of its levels.
You also visited: Sewer.

You collected 199 gold pieces.

Inventory:

Hand Weapons
 a - a +0 shortbow
 b - a +3 quarterstaff of chaos (weapon)
 d - a +0 short sword
 y - a +0 morningstar
 E - a +0 antimagic flail
Missiles
 h - 177 stones
 j - 73 sling bullets
 o - 77 bolts
 w - 16 poisoned darts
 C - 10 boomerangs (quivered)
 J - 48 arrows
Armour
 f - a +0 buckler
 l - a +0 ring mail (worn)
 n - a +0 leather armour
 r - a +0 leather armour
 t - a +0 robe
 u - a +1 cloak (worn)
 B - a +0 chain mail
 K - a +0 scale mail
Jewellery
 q - a ring of stealth (left hand)
 v - an uncursed ring of flight
 z - a cursed +6 ring of strength
 I - a ring of fire (right hand)
Wands
 s - a wand of random effects (21)
 D - a wand of polymorph (8)
Scrolls
 g - 2 scrolls of fog
 A - a scroll of enchant armour
 H - a scroll of teleportation
Potions
 e - 2 potions of haste {unknown}
 i - a potion of brilliance {unknown}
 k - 3 potions of might {unknown}
 m - 6 potions of curing
 p - a potion of flight {unknown}
 x - a potion of mutation {unknown}
 F - a potion of lignification {unknown}
 G - 2 potions of heal wounds
Comestibles
 c - 6 rations
 L - 12 chunks of flesh


   Skills:
 - Level 1.1(1.8) Maces & Flails
 - Level 2.1(2.3) Staves
 - Level 2.5 Throwing
 + Level 2.8 Armour
 - Level 1.7 Dodging
 - Level 4.0 Stealth
 - Level 2.6 Spellcasting
 - Level 7.1 Conjurations


You had 9 spell levels left.
You knew the following spells:

 Your Spells              Type           Power        Failure   Level  Hunger
b - Searing Ray           Conj           #####.       2%          2    ##.....

Your spell library contained the following spells:

 Spells                   Type           Power        Failure   Level  Hunger
 Magic Dart               Conj           ####         1%          1    None
 Dazzling Flash           Conj/Hex       ###...       19%         3    ###....
 Fulminant Prism          Conj/Hex       ###.......   54%         4    ####...
 Iskenderun's Mystic Bla  Conj/Tloc      ###.....     54%         4    ####...


Dungeon Overview and Level Annotations

Branches:
Dungeon (5/15)              Sewer (1/1)
 Temple: D:4-7


Innate Abilities, Weirdness & Mutations

You have an increased reservoir of magic. (+10% MP)


Message History

Something hits you.
* * * LOW HITPOINT WARNING * * *
You feel very sick. Something hits you.
* * * LOW HITPOINT WARNING * * *
Found a lumpy cyan potion, a fizzy amethyst potion and a fuming ruby potion.
There is an open door, spattered with blood here.
Things that are here:
a +0 whip of holy wrath; a +0 whip You miss something.
* * * LOW HITPOINT WARNING * * *
You feel very sick. Something hits you but does no damage. Something hits you.
* * * LOW HITPOINT WARNING * * *
You are more poisoned.
You hit something.
* * * LOW HITPOINT WARNING * * *
You feel very sick.
Reactivating autopickup.
You feel a bit more experienced.
You die...

#≈ ≈# #≈≈≈≈≈≈≈≈≈≈≈≈≈≈≈≈≈≈
#≈ ≈#≈#≈≈≈≈≈≈≈≈≈≈≈≈≈≈≈≈(
# ≈#≈≈≈≈≈≈≈≈≈≈≈≈≈..≈.≈
#≈#≈≈≈≈≈≈≈≈.≈..≈....
#≈≈≈≈≈##≈.....##... ≈##
####≈≈.##......####..
≈#!!#..#......÷......##..
≈#!....#÷............÷...
#....)@.......###.....#
≈#)..(.#...÷...## ###..##
≈#!!#..#..###### #### ≈##
#######


There were no monsters in sight!

Vanquished Creatures
  Eustachio (D:5)
  A naga (D:5)
  Edmund (D:4)
  A phantom (D:4)
  An ogre (D:4)
  A centaur (D:5)
  Blork the orc (D:4)
  A howler monkey (D:4)
  3 crimson imps (D:5)
  A hound (D:5)
  Crazy Yiuf (D:2)
  2 orc wizards (D:3)
  4 river rats (Sewer)
  10 adders
  An ooze (D:1)
  4 worms
  A dart slug (D:1)
  4 leopard geckos
  12 orcs
  8 bats
  5 giant cockroaches
  2 goblins (D:3)
  6 hobgoblins
  4 jackals (D:1)
  4 ball pythons (Sewer)
  5 frilled lizards
  18 kobolds
  23 rats
  A plant (D:4)
127 creatures vanquished.

Vanquished Creatures (others)
  A human (D:3)
1 creature vanquished.

Grand Total: 128 creatures vanquished

Notes
Turn   | Place    | Note
-------+----------+-------------------------------------------
     0 | D:1      | Colgate the Demigod Conjurer began the quest for the Orb.
     0 | D:1      | Reached XP level 1. HP: 14/14 MP: 5/5
   202 | D:1      | Reached skill level 4 in Conjurations
   375 | D:1      | Reached XP level 2. HP: 20/20 MP: 4/7
   379 | D:1      | Learned a level 2 spell: Searing Ray
   874 | D:1      | Reached XP level 3. HP: 21/26 MP: 2/8
  1734 | D:2      | Found a sparkling altar of Nemelex Xobeh.
  1846 | D:2      | Found a faded altar of an unknown god.
  1921 | D:2      | Found a runed translucent door.
  1922 | D:2      | Noticed Crazy Yiuf
  1929 | D:2      | Killed Crazy Yiuf
  1929 | D:2      | Reached skill level 5 in Conjurations
  2080 | D:2      | Reached XP level 4. HP: 33/33 MP: 5/9
  2172 | D:2      | You fall into a shaft and drop 1 floor!
  2443 | D:3      | Reached XP level 5. HP: 15/38 MP: 2/10
  3152 | D:3      | Found an ancient bone altar of Kikubaaqudgha.
  3152 | D:3      | Noticed a human
  3156 | D:3      | Killed a human
  3198 | D:3      | Found an ornate altar of the Wu Jian Council.
  3386 | D:4      | Noticed Edmund
  3386 | D:4      | Noticed an ogre
  3422 | D:4      | Killed an ogre
  3432 | D:4      | Killed Edmund
  3432 | D:4      | Reached skill level 6 in Conjurations
  3432 | D:4      | Reached XP level 6. HP: 30/45 MP: 2/11
  3699 | D:4      | Noticed Blork the orc
  3706 | D:4      | Killed Blork the orc
  3706 | D:4      | Reached skill level 1 in Armour
  3758 | D:4      | Reached skill level 1 in Maces & Flails
  3841 | D:4      | Found a hide-covered altar of Uskayaw.
  3843 | D:4      | Found a shimmering altar of Xom.
  3843 | D:4      | Found a sparkling altar of Nemelex Xobeh.
  3959 | D:4      | Found a snail-covered altar of Cheibriados.
  3959 | D:4      | Found a glowing silver altar of Zin.
  3959 | D:4      | Found a radiant altar of Vehumet.
  4740 | D:5      | Entered Level 5 of the Dungeon
  4744 | D:5      | Reached skill level 1 in Throwing
  4744 | D:5      | Reached XP level 7. HP: 50/50 MP: 8/14
  4757 | D:5      | Found a burning altar of Makhleb.
  5066 | D:5      | Noticed Eustachio
  5076 | D:5      | Killed Eustachio
  5076 | D:5      | Reached skill level 7 in Conjurations
  5210 | D:5      | Found a glowing drain.
  5255 | Sewer    | Entered a sewer
  5734 | Sewer    | HP: 2/50 [poisoned by a kobold]
  5735 | Sewer    | Succumbed to a kobold's poison

Illustrated notes

Levels and vault maps discovered:
D:1:      minmay_arrival_semitransparent, layout_basic, serial_curves,
          eino_curves_04, eino_curves_02, palyth_stone_intersect
D:2:      layout_loops_corners, lemuel_doored_altar,
          nicolae_overflow_hidden_temple, chequers_ecumenical_altar_simple,
          uniq_crazy_yiuf_cottage
D:3:      layout_rooms, lemuel_round_altar, minivault_4, chequers_avenue,
          tgw_kikubaaqudgha
D:4:      layout_loops_ring, serial_forest, infiniplex_forest_lined_room_,
          infiniplex_forest_lined_3, infiniplex_forest_clump_long,
          infiniplex_forest_lined_2, infiniplex_forest_side_room,
          infiniplex_forest_lined_2, infiniplex_forest_lined_4_way,
          infiniplex_forest_straight_2, infiniplex_forest_lined_corner,
          infiniplex_forest_clump_medium, nrook_mini_vaults,
          doesnt_xom_only_xom, uniq_edmund, uniq_blork_the_orc
D:5:      layout_cave_pools, minmay_temple_entry_poolview, first_ration,
          basic_altar, gup_sewer_entry_glass, uniq_eustachio
Sewer:    sewer_minmay_treatment

Skill      XL: |  1  2  3  4  5  6  7 |
---------------+----------------------+-----
Conjurations   | 4 5 6 7 |  7.1
Stealth        | 2 3 4 |  4.0
Armour         | 1 2 |  2.8
Maces & Flails | 1 |  1.1
Spellcasting   | 2 |  2.6
Throwing       | 1 2 |  2.5
Staves         | 2 |  2.1
Dodging        | |  1.7

Action                   |  1- 3 |  4- 6 |  7- 9 || total
-------------------------+-------+-------+-------++-------
Melee: Short sword       |    28 |    10 |       ||    38
       Unarmed           |     2 |     1 |       ||     3
       Morningstar       |       |    35 |     1 ||    36
       Quarterstaff      |       |       |    41 ||    41
 Fire: Shortbow          |       |       |    44 ||    44
Throw: Dart              |       |     6 |     5 ||    11
       Boomerang         |       |     9 |    10 ||    19
 Cast: Magic Dart        |    29 |    37 |       ||    66
       Searing Ray       |     9 |    16 |    12 ||    37
  Use: Scroll            |       |       |     8 ||     8
 Stab: Sleeping          |     5 |     6 |     3 ||    14
  Eat: Chunk             |     4 |     9 |     5 ||    18
Armor: Robe              |     3 |       |       ||     3
       Leather armour    |       |     5 |       ||     5
       Ring mail         |       |       |    19 ||    19
Dodge: Dodged            |    26 |    11 |    30 ||    67
Block: Buckler           |     3 |     2 |       ||     5
